 Dungeon Crawl Stone Soup version 0.24-a0-464-g6b2be6b8c7 (webtiles) character file.

Game seed: 14622591458000271971

53650 Bikalo the Grappler (level 14, -2/140 HPs)
             Began as a Troll Monk on July 4, 2019.
             Was the Champion of Ru.
             Killed from afar by a starcursed mass (10 damage)
             ... with an accursed screaming
             ... on level 2 of the Abyss.
             The game lasted 01:00:30 (14959 turns).

Bikalo the Grappler (Troll Monk)                   Turns: 14959, Time: 01:00:31

Health: -2/140     AC: 21    Str: 26 (27) XL:     14   Next: 31%
Magic:  13/13      EV: 10    Int:  6      God:    Ru [******]
Gold:   3929       SH: 14    Dex: 23 (25) Spells: 13/13 levels left

rFire    . . .     SeeInvis +     - Unarmed
rCold    . . .     Gourm    +   f - +0 shield
rNeg     . . .     Faith    .   a - +0 storm dragon scales
rPois    .         Spirit   .   C - +0 hat {SInv}
rElec    +         Reflect  +   G - +1 cloak
rCorr    .         Harm     .   (gloves unavailable)
MR       +....     Rnd*Tele +   (boots unavailable)
Stlth    ..........             I - +2 amulet of reflection
HPRegen  0.00/turn              h - +5 ring of strength
MPRegen  0.13/turn              O - ring "Iphehour" {*Tele Dex+7 Slay+3}

@: horrified, berserk cooldown, non-regenerating, badly diseased, slowed,
lightly drained, very slow
A: large, unfitting armour, claws 3, molten scales 1, agile 1, fast metabolism
3, gourmand, regeneration 1, shaggy fur 1, tough skin 3, hated by all, cowardly,
unskilled 1, inexperienced 1
a: Draw Out Power, Power Leap, Apocalypse, Renounce Religion


You were on level 2 of the Abyss.
You worshipped Ru.
Ru was exalted by your worship.
You were full.

You visited 2 branches of the dungeon, and saw 16 of its levels.
You visited the Abyss 1 time.
You also visited: Sewer.

You collected 5132 gold pieces.
You spent 1203 gold pieces at shops.

Inventory:

Hand Weapons
 P - a +2 demon whip of pain
 R - the +12 Vampire's Tooth {vamp}
   (You found it on level 15 of the Dungeon)

   It inflicts no extra harm, but heals its wielder when it wounds a living foe.
Missiles
 J - 19 large rocks (quivered)
Armour
 a - +0 storm dragon scales (worn)
 f - a +0 shield (worn)
 C - a +0 hat of see invisible (worn)
 D - the +1 robe of the Other Side {rF+ Str+4}
   (You found it on level 6 of the Dungeon)

   It affects your strength (+4).
   It protects you from fire.
 G - a +1 cloak (worn)
 L - +0 acid dragon scales
Jewellery
 h - a +5 ring of strength (left claw)
 m - a +5 ring of intelligence
 w - an uncursed ring of protection from fire
 x - an uncursed ring of see invisible
 y - an uncursed ring of protection from magic
 H - an uncursed amulet of regeneration
 I - a +2 amulet of reflection (around neck)
 M - an uncursed ring of resist corrosion
 O - the ring "Iphehour" (right claw) {*Tele Dex+7 Slay+3}
   (You found it on level 14 of the Dungeon)

   [ring of teleportation]

   It may teleport you next to monsters.
   It affects your dexterity (+7).
   It affects your accuracy and damage with ranged weapons and melee attacks
   (+3).
 Q - a +4 ring of intelligence
Wands
 d - a wand of iceblast (6)
 i - a wand of flame (42)
 j - a wand of digging (10)
 p - a wand of random effects (44)
 F - a wand of polymorph (23)
 K - a wand of clouds (6)
Scrolls
 g - 8 scrolls of identify
 o - 7 scrolls of teleportation
 r - 3 scrolls of random uselessness
 s - a scroll of amnesia
 t - 3 scrolls of fog
 u - 8 scrolls of remove curse
 v - 4 scrolls of enchant weapon
 A - a scroll of magic mapping
 T - a scroll of holy word
Potions
 c - 2 potions of might
 e - a potion of berserk rage
 k - 2 potions of brilliance
 l - 7 potions of lignification
 n - 5 potions of flight
 q - 3 potions of curing
 z - a potion of invisibility
 B - a potion of degeneration
 E - a potion of mutation
Comestibles
 b - 27 rations


   Skills:
 + Level 9.0(8.8) Fighting
   Level 0.9(0.8) Long Blades
 + Level 5.7(5.5) Throwing
 + Level 6.3(6.1) Armour
 - Level 6.2(6.0) Dodging
 - Level 0.9(0.7) Stealth
 + Level 8.5(8.3) Shields
 * Level 14.2(14.0) Unarmed Combat


You had 13 spell levels left.
You didn't know any spells.
Your spell library contained the following spells:

 Spells                   Type           Power        Failure   Level  Hunger
 Freeze                   Ice            #...         97%         1    ##.....
 Ignite Poison            Fire/Tmut/Pois #.......     100%        3    ####...
 Ice Form                 Ice/Tmut       #.......     100%        4    #####..
 Throw Icicle             Conj/Ice       #.......     100%        4    #####..
 Fireball                 Conj/Fire      #.........   100%        5    ######.
 Metabolic Englaciation   Hex/Ice        #.........   100%        5    ######.
 Bolt of Fire             Conj/Fire      #.........   100%        6    #######
 Freezing Cloud           Conj/Ice/Air   #.........   100%        6    #######
 Ring of Flames           Chrm/Fire      #.........   100%        7    #######
 Ignition                 Fire           #.........   100%        8    #######


Dungeon Overview and Level Annotations

Branches:
Dungeon (15/15)            Temple (0/1) D:4            Lair (1/6) D:9
    Orc (0/2) D:11         Vaults (0/5) D:14         Depths (0/5) D:15

Altars:
Ashenzari
Cheibriados
Dithmenos
Elyvilon
Gozag
Kikubaaqudgha
Qazlal
Ru
Sif Muna
Vehumet
Xom
Yredelemnul
Zin
The Shining One

Shops:
D:4 (   D:5 [%   D:7 *([   D:9 [   D:11 *   D:12 *%   D:15 *

Portals:
Trove: D:12 (give +6 demon blade)

Annotations:
Lair:1 Sonja


Innate Abilities, Weirdness & Mutations

You are too large for most types of armour.
You have claws for hands.
Your metabolism is lightning-fast.
You like to eat raw meat.
Your natural rate of healing is unusually fast.
You are covered in fur. (AC +1)
You have extremely tough skin. (AC +3)
You are hated by all.
Your cowardice makes you less effective in combat with threatening monsters.
You are somewhat unskilled. (-1 Apt)
You are somewhat inexperienced. (-2 XL)
You are partially covered in molten scales. (AC +2)
You are agile. (Dex +2)


Message History

You reel with horror at the sight of these foes!
You claw the starcursed mass!
You destroy the starcursed mass!
You mangle the ancient zyme!!
The ancient zyme is heavily damaged.
You hear a bellow!
A starcursed mass splits.
You reel with horror at the sight of these foes!
You mangle the ancient zyme!!
You destroy the ancient zyme!
You are no longer berserk.
You are exhausted.
You feel yourself slow down. You block the starcursed mass's attack.
You reel with horror at the sight of these foes!
You mangle the starcursed mass!!
You destroy the starcursed mass!
A chorus of shrieks assaults your mind.
* * * LOW HITPOINT WARNING * * *
A chorus of shrieks assaults your mind.
You die...

. # # ..
.. . #
.### # #
#.... .
#####
..#. #
##...#
#.. . . .
###@##.#
..# . ##
ยง .#.
#...#.#X#
#
##X##.X#
. #.##.


##XX.XXX . X . #. #X#### #.# # X . #.. ..## X # # โ‰ˆ . .##. #. .# # .# ## X.#
โ‰ˆ โ‰ˆ .# # .### You could see 3 starcursed masses.

Vanquished Creatures
  Gastronok (D:10)
  The ghost of hemabe the Covert, an adept HuAr of Trog (D:14)
  A fire giant (D:15)
  A balrug (Abyss:2)
  2 vampire knights (D:15)
  A fire dragon (D:14)
  Harold (D:8)
  3 vault guards (D:14)
  An ogre mage (D:14)
  5 centaur warriors
  3 hydras
  A catoblepas (D:15)
  2 two-headed ogres
  A tengu warrior (D:11)
  4 skeletal warriors (D:15)
  Nergalle (D:10)
  2 unseen horrors
  A deep troll (D:14)
  A flayed ghost (D:14)
  2 orc knights (D:14)
  2 wolf spider zombies (D:15)
  Pikel (D:8)
  A wolf spider (D:14)
  11 ugly things
  An orc sorcerer (D:14)
  2 cyclopes
  A manticore (D:14)
  2 deep elf magi
  4 gargoyles
  A komodo dragon (D:12)
  2 kobold demonologists (D:15)
  An efreet (D:13)
  A freezing wraith (Abyss:2)
  An ancient zyme (Abyss:2)
  The ghost of Marnok the Shield-Bearer, an amateur DgFi (D:4)
  4 tengu conjurers
  A jumping spider (shapeshifter) (D:14)
  3 meliai (D:14)
  6 trolls
  5 tyrant leeches (D:15)
  A hornet (D:9)
  5 slime creatures
  2 large abominations (Abyss:2)
  4 hippogriffs
  A shadow (D:12)
  A vampire (D:15)
  A ynoxinul (Abyss:2)
  3 wraiths
  5 yaks
  2 humans
  A chaos spawn (Abyss:2)
  Grum (D:8)
  2 hungry ghosts
  A vampire mosquito (D:14)
  A steam dragon (D:11)
  An acid dragon (D:15)
  2 porcupines (D:9)
  An orc warrior (D:7)
  A phantom (D:10)
  6 sky beasts
  4 slaves (D:8)
  A hornet zombie (D:9)
  8 ice beasts
  3 black bears
  A necrophage (D:12)
  2 wolves (D:8)
  2 eyes of draining
  11 ogres
  9 centaurs
  2 crocodiles
  4 big kobolds
  16 bullfrogs
  2 earth elementals (D:12)
  9 scorpions
  A wyvern skeleton (D:4)
  6 wights
  6 killer bees
  An electric eel (D:14)
  2 howler monkeys
  7 crimson imps
  7 starcursed masses (Abyss:2)
  7 centaur zombies
  7 hounds
  An iron imp (Abyss:2)
  5 jellies
  4 bullfrog zombies
  21 orc wizards
  6 centaur skeletons
  8 orc priests
  5 bullfrog skeletons
  5 iguanas
  Jessica (D:2)
  Terence (D:2)
  2 worker ants
  A merfolk siren (Sewer)
  A merfolk avatar (Sewer)
  A killer bee zombie (D:9)
  2 hound skeletons
  A hound zombie (D:9)
  A mummy (D:12)
  2 worker ant zombies (D:11)
  2 howler monkey skeletons
  16 adders
  A river rat (Sewer)
  3 shadow imps
  4 oozes
  3 adder skeletons
  2 adder zombies
  2 worms
  A dart slug (D:4)
  7 leopard geckos
  48 orcs
  12 giant cockroaches
  5 goblins
  7 hobgoblins
  19 jackals
  20 kobolds
  6 quokkas
  4 ball pythons
  A bat (D:1)
  12 frilled lizards
  A giant cockroach zombie (D:5)
  A quokka skeleton (D:6)
  31 rats
522 creatures vanquished.

Vanquished Creatures (others)
  3 hydras
  An unseen horror (D:14)
  A hornet (D:15)
  A hippogriff (D:14)
  A shadow (D:14)
  A centaur (D:13)
  A scorpion (D:14)
  A killer bee (D:7)
  A hound (D:14)
  A hound skeleton (D:5)
  2 orcs (D:11)
  2 kobolds
  23 fungi
  5 starspawn tentacles (Abyss:2)
  2 toadstools (D:8)
46 creatures vanquished.

Grand Total: 568 creatures vanquished

Notes
Turn   | Place    | Note
-------+----------+-------------------------------------------
     0 | D:1      | Bikalo the Troll Monk began the quest for the Orb.
     0 | D:1      | Reached XP level 1. HP: 22/22 MP: 0/0
   164 | D:1      | Reached XP level 2. HP: 27/29 MP: 1/1
   473 | D:1      | Reached XP level 3. HP: 36/36 MP: 2/2
   715 | D:2      | Found a glowing silver altar of Zin.
   845 | D:2      | Noticed Jessica
   853 | D:2      | Killed Jessica
   858 | D:2      | Found a sacrificial altar of Ru.
   876 | D:2      | Reached XP level 4. HP: 43/44 MP: 3/3
   882 | D:2      | Became a worshipper of Ru the Awakened
   892 | D:2      | Gained mutation: Your cowardice makes you less effective in
                  | combat with threatening monsters. [Ru sacrifice]
   892 | D:2      | Reached * piety under Ru
   948 | D:2      | Reached skill level 4 in Unarmed Combat
  1032 | D:2      | Found a radiant altar of Vehumet.
  1033 | D:2      | Found a shimmering altar of Xom.
  1034 | D:2      | Found an ancient bone altar of Kikubaaqudgha.
  1034 | D:2      | Found a glowing golden altar of the Shining One.
  1034 | D:2      | Found a shattered altar of Ashenzari.
  1043 | D:2      | Found a stormy altar of Qazlal.
  1043 | D:2      | Found a snail-covered altar of Cheibriados.
  1054 | D:2      | Reached skill level 1 in Shields
  1236 | D:2      | Noticed Terence
  1240 | D:2      | Killed Terence
  1526 | D:3      | Reached XP level 5. HP: 51/53 MP: 4/4
  1527 | D:3      | Found a glowing drain.
  1537 | Sewer    | Entered a sewer
  2029 | D:3      | Reached XP level 6. HP: 61/61 MP: 5/5
  2052 | D:3      | Reached skill level 5 in Unarmed Combat
  2358 | D:4      | Found a runed translucent gate.
  2358 | D:4      | Found a runed translucent gate.
  2358 | D:4      | Found a runed translucent gate.
  2366 | D:4      | Noticed Marnok's ghost (amateur DgFi)
  2376 | D:4      | Found a staircase to the Ecumenical Temple.
  2377 | D:4      | Gained mutation: You are hated by all. [Ru sacrifice]
  2377 | D:4      | Reached ** piety under Ru
  2411 | D:4      | HP: 3/61 [Marnok's ghost (6)]
  2412 | D:4      | Killed Marnok's ghost
  2412 | D:4      | Reached skill level 6 in Unarmed Combat
  2412 | D:4      | Reached XP level 7. HP: 4/68 MP: 6/6
  2738 | D:4      | Found Fuacuxte's Antique Weapon Shop.
  3165 | D:5      | Entered Level 5 of the Dungeon
  3172 | D:5      | Reached XP level 8. HP: 56/78 MP: 7/7
  3284 | D:5      | Found Sic Ura's Food Shop.
  3332 | D:5      | Reached skill level 7 in Unarmed Combat
  3377 | D:5      | You fall into a shaft and drop 2 floors!
  3461 | D:7      | Found Ehiph's Antique Weapon Shop.
  3587 | D:5      | Got an ancient long sword
  3607 | D:5      | Identified the +8 long sword "Sarcophage" {drain, MR+
                  | Int+4} (You found it on level 5 of the Dungeon)
  3914 | D:5      | Reached skill level 1 in Long Blades
  3916 | D:5      | Found Gupuekh's Armour Shop.
  3925 | D:5      | Bought a +1 hat for 132 gold pieces
  3949 | D:5      | Gained mutation: You are somewhat unskilled. (-1 Apt) [Ru
                  | sacrifice]
  3949 | D:5      | Reached *** piety under Ru
  3949 | D:5      | Reached **** piety under Ru
  4142 | D:6      | Reached XP level 9. HP: 84/85 MP: 8/8
  4226 | D:6      | Found a basalt altar of Yredelemnul.
  4349 | D:6      | Found a shadowy altar of Dithmenos.
  4682 | D:6      | Got a wizard robe
  4683 | D:6      | Identified the cursed +1 robe of the Other Side {rF+ Str+4}
                  | (You found it on level 6 of the Dungeon)
  5083 | D:7      | Found Tuveab's Assorted Antiques.
  5397 | D:7      | Reached skill level 8 in Unarmed Combat
  5433 | D:7      | Found Nial's Antique Armour Shop.
  5614 | D:8      | Noticed Grum
  5616 | D:8      | Noticed Pikel
  5626 | D:8      | Reached skill level 5 in Fighting
  5633 | D:8      | Reached skill level 5 in Dodging
  5637 | D:8      | Killed Grum
  5653 | D:8      | HP: 4/88 [Pikel/+2 whip of flaming (1)]
  5661 | D:8      | Killed Pikel
  5779 | D:8      | Gained mutation: You are somewhat inexperienced. (-2 XL)
                  | [Ru sacrifice]
  5779 | D:8      | Reached XP level 8. HP: 80/80 MP: 7/7
  5779 | D:8      | Reached XP level 7. HP: 72/72 MP: 6/6
  5779 | D:8      | Reached ***** piety under Ru
  5779 | D:8      | Reached ****** piety under Ru
  5790 | D:8      | Noticed Harold
  5807 | D:8      | Killed Harold
  5807 | D:8      | Reached skill level 9 in Unarmed Combat
  5807 | D:8      | Reached XP level 8. HP: 23/81 MP: 7/7
  6056 | D:8      | Reached XP level 9. HP: 88/88 MP: 8/8
  6514 | D:8      | Reached skill level 5 in Shields
  6621 | D:9      | Paralysed by a hornet for 2 turns
  6737 | D:9      | Found a staircase to the Lair.
  6868 | D:9      | Reached XP level 10. HP: 78/98 MP: 9/9
  6874 | D:9      | Reached skill level 10 in Unarmed Combat
  6936 | D:9      | Found a deep blue altar of Sif Muna.
  6936 | D:9      | Found a white marble altar of Elyvilon.
  6961 | D:9      | Found Diepo's Armour Shop.
  7551 | D:10     | Entered Level 10 of the Dungeon
  7605 | D:10     | Identified a scroll of acquirement
  7679 | D:9      | Bought +0 storm dragon scales for 1040 gold pieces
  7778 | D:10     | Reached skill level 1 in Armour
  7971 | D:10     | Found an opulent altar of Gozag.
  8034 | D:10     | Noticed Gastronok
  8058 | D:10     | Killed Gastronok
  8149 | D:10     | Noticed Nergalle
  8170 | D:10     | Killed Nergalle
  8170 | D:10     | Reached XP level 11. HP: 82/107 MP: 10/10
  8310 | D:11     | Noticed a seven-headed hydra
  8388 | D:11     | Killed a nine-headed hydra
  8528 | D:11     | Reached skill level 11 in Unarmed Combat
  8659 | D:11     | Found a staircase to the Orcish Mines.
  8676 | D:11     | Noticed a tengu warrior
  8710 | D:11     | Killed a tengu warrior
  8828 | D:11     | Found Akho's Assorted Antiques.
  9190 | D:12     | Noticed a two-headed ogre
  9203 | D:12     | Killed a two-headed ogre
  9306 | D:12     | Found a portal to a secret trove of treasure.
  9352 | D:12     | Found Ufomeoh's Pet Rocks.
  9374 | D:12     | Bought 3 large rocks for 31 gold pieces
  9423 | D:12     | Noticed a deep elf mage
  9444 | D:12     | Noticed a sixfirhy
  9444 | D:12     | Killed a deep elf mage
  9477 | D:12     | Found Usutit's Food Shop.
  9525 | D:12     | Noticed a five-headed hydra
  9528 | D:12     | Killed a six-headed hydra
  9595 | D:12     | You fall into a shaft and drop 3 floors!
  9595 | D:15     | Entered Level 15 of the Dungeon
  9614 | D:15     | Reached skill level 1 in Throwing
  9733 | D:15     | Reached XP level 12. HP: 103/117 MP: 11/11
  9814 | D:15     | Found Qoesmiz's Assorted Antiques.
  9929 | D:15     | Reached skill level 12 in Unarmed Combat
 10156 | D:14     | Noticed a two-headed ogre
 10161 | D:14     | Killed a two-headed ogre
 10207 | D:13     | Noticed a centaur warrior
 10220 | D:12     | Killed a centaur warrior
 10792 | D:13     | You fall into a shaft and drop 2 floors!
 10812 | D:14     | Noticed a five-headed hydra
 10832 | D:14     | Killed a five-headed hydra
 11372 | D:14     | Noticed a centaur warrior
 11381 | D:14     | Killed a centaur warrior
 11576 | D:14     | Noticed a centaur warrior
 11577 | D:14     | Noticed a fire dragon
 11587 | D:14     | Noticed a centaur warrior
 11614 | D:14     | Killed a centaur warrior
 11616 | D:14     | Killed a fire dragon
 11620 | D:14     | Killed a centaur warrior
 11620 | D:14     | Reached XP level 13. HP: 44/127 MP: 12/12
 11626 | D:14     | Got a heavily runed iron ring
 11671 | D:14     | Reached skill level 5 in Armour
 11711 | D:14     | Reached skill level 13 in Unarmed Combat
 12093 | D:14     | Identified the Handbook of Snow
 12501 | D:14     | Identified the ring "Iphehour" {*Tele Dex+7 Slay+3} (You
                  | found it on level 14 of the Dungeon)
 12708 | D:14     | Found a gate to the Vaults.
 12801 | D:14     | Found a runed translucent gate.
 12801 | D:14     | Found a runed translucent gate.
 12802 | D:14     | Found a runed translucent gate.
 12989 | D:14     | Noticed hemabe's ghost (adept HuAr)
 13077 | D:14     | Killed hemabe's ghost
 13347 | D:15     | Noticed a vampire knight
 13349 | D:15     | Noticed a vampire knight
 13692 | D:15     | Reached skill level 5 in Throwing
 13707 | D:15     | Found a staircase to the Depths.
 13707 | D:15     | Noticed a fire giant
 13718 | D:15     | Killed a fire giant
 13832 | D:15     | Killed a vampire knight
 13982 | D:15     | Gained mutation: You are agile. (Dex +2) [potion of
                  | mutation]
 13982 | D:15     | Gained mutation: You are partially covered in molten
                  | scales. (AC +2) [potion of mutation]
 14029 | D:15     | Found the +12 Vampire's Tooth {vamp}
 14092 | D:15     | Reached XP level 14. HP: 105/137 MP: 13/13
 14192 | D:15     | Killed a vampire knight
 14192 | D:15     | Reached skill level 14 in Unarmed Combat
 14641 | Lair:1   | Entered Level 1 of the Lair of Beasts
 14648 | Lair:1   | Noticed Sonja
 14649 | Lair:1   | Cast into level 2 of the Abyss (Sonja)
 14712 | Abyss:2  | Found a corrupted altar of Lugonu.
 14814 | Abyss:2  | Noticed a balrug
 14821 | Abyss:2  | Killed a balrug
 14833 | Abyss:2  | Noticed a tentacled starspawn
 14852 | Abyss:2  | Noticed a daeva
 14886 | Abyss:2  | Noticed a starcursed mass
 14898 | Abyss:2  | Paralysed by accursed screaming for 1 turns
 14917 | Abyss:2  | Found a corrupted altar of Lugonu.
 14926 | Abyss:2  | Noticed a starcursed mass
 14959 | Abyss:2  | Killed from afar by a starcursed mass

Levels and vault maps discovered:
D:1:      saegor_arrival_under_anarchy, layout_basic
D:2:      layout_loops_cross, grunt_temple_overflow_open,
          nicolae_overflow_crystal_walls, zin_statuary, uniq_terence,
          uniq_jessica
D:3:      layout_basic, gup_sewer_entry_bubbles
D:4:      layout_loops_ring, minmay_temple_entry_statues_fountains,
          serial_shops, kennysheep_mini_moat, gammafunk_ghost_necromancy
D:5:      layout_gridville, first_ration, serial_glass, glass_columns_a,
          glass_columns_a, glass_columns_c, glass_columns_a, glass_columns_c,
          glass_columns_b, serial_shops, shop, kennysheep_little_box
D:6:      layout_loops_corners, old_standard_altar, lemuel_round_altar
D:7:      layout_gridville, serial_shops, shop, nicolae_shop_stone, shop
D:8:      minmay_flawed_box, layout_cave_pods, special_room [special_room_orc],
          grunt_pizzeria, minmay_gold_behind_fungi, uniq_harold, uniq_pikel,
          uniq_grum
D:9:      layout_basic, gammafunk_temple_overflow_wave,
          due_lair_maze_entry_diamond, serial_shops, kennysheep_mini
D:10:     layout_rooms, grunt_gozag_breadcrumbs, uniq_nergalle, uniq_gastronok
D:11:     layout_cave_pods, orc_0_dummy, serial_shops, shop
D:12:     layout_stronghold, enter_trove_1, serial_shops, shop, serial_undead,
          serial_undead_d, serial_undead_e, serial_undead_d, serial_undead_b,
          guppyfry_shop_earth
D:13:     layout_rooms
D:14:     minmay_the_grid_square_5x5_4x4 [minmay_the_grid_square_5x5_z,
          minmay_the_grid_square_5x5_seven, minmay_the_grid_square_5x5_longway,
          minmay_the_grid_square_5x5_hourglass, minmay_the_grid_square_5x5_comb,
          minmay_the_grid_square_5x5_prize_rear_guard,
          minmay_the_grid_square_5x5_prize_junk,
          minmay_the_grid_square_5x5_tri_point,
          minmay_the_grid_square_5x5_sharp_hourglass,
          minmay_the_grid_square_5x5_prize_gold,
          minmay_the_grid_square_5x5_prize_waves,
          minmay_the_grid_square_5x5_shrine1,
          minmay_the_grid_square_5x5_moneybag,
          minmay_the_grid_square_5x5_bridge,
          minmay_the_grid_square_5x5_broken_cross,
          minmay_the_grid_square_5x5_almost_minimal], layout_basic,
          grunt_vaults_entry_fortified, ebering_ghost_rock_garden
D:15:     grunt_enter_depths_giant_problem, layout_grid_maze, serial_shops,
          nicolae_shop_overgrown_old_shop,
          hangedman_abyss_or_decor_jellyfish_corner, minmay_tree_intersection,
          minmay_guarded_unrand_vampires_tooth
Lair:1:   layout_roguey, serial_bayou_lake_a, uniq_sonja, uniq_joseph
Abyss:2:  evilmike_abyss_exit_12

Skill      XL: |  1  2  3  4  5  6  7  8  9 10 11 12 13 14 |
---------------+-------------------------------------------+-----
Unarmed Combat | 4 6 9 7 8 10 11 12 13 14 | 14.2
Shields        | 1 2 3 5 6 7 8 |  8.5
Fighting       | 3 4 6 7 8 9 |  9.0
Dodging        | 3 4 6 |  6.2
Long Blades    | 0 |  0.9
Stealth        | 0 |  0.9
Armour         | 2 3 4 6 |  6.3
Throwing       | 1 3 5 |  5.7

Action                   |  1- 3 |  4- 6 |  7- 9 | 10-12 | 13-15 || total
-------------------------+-------+-------+-------+-------+-------++-------
Melee: Unarmed           |    68 |   302 |   299 |   727 |   438 ||  1834
       Long sword        |       |       |   153 |       |       ||   153
Throw: Large rock        |       |       |       |     4 |    18 ||    22
Invok: Sacrifice Courage |       |     1 |       |       |       ||     1
       Sacrifice Love    |       |     1 |       |       |       ||     1
       Sacrifice Experie |       |       |     1 |       |       ||     1
       Sacrifice Skill   |       |       |     1 |       |       ||     1
       Power Leap        |       |       |     2 |     5 |     1 ||     8
       Draw Out Power    |       |       |       |       |     1 ||     1
  Use: Potion            |       |     1 |     4 |     1 |    11 ||    17
       Scroll            |       |       |     2 |    10 |     8 ||    20
 Stab: Sleeping          |     2 |       |     5 |       |       ||     7
       Invisible         |       |       |     5 |     4 |     9 ||    18
       Distracted        |       |       |     2 |     5 |     6 ||    13
       Paralysed         |       |       |     8 |    16 |     2 ||    26
  Eat: Chunk             |     6 |    23 |    31 |    46 |    31 ||   137
       Ration            |       |       |     3 |       |       ||     3
Armor: Robe              |    28 |    91 |    88 |       |       ||   207
       Storm dragon scal |       |       |       |   273 |   160 ||   433
       Troll leather arm |       |       |       |    14 |       ||    14
Dodge: Dodged            |    23 |    89 |   167 |   187 |   111 ||   577
Block: Shield            |    11 |   108 |   226 |   408 |   224 ||   977
       Reflection        |       |       |       |    23 |    10 ||    33
       Rpst.: Long sword |       |       |    22 |       |       ||    22

Table legend:
 A = Non-vault XP
 B = Vault XP
 C = Vault XP percentage of total XP
 D = Non-vault monster count
 E = Vault monster count
 F = Vault count percentage of total count
                 A         B        C        D         E       F
            +---------+---------+-------+---------+---------+-------
      Total |   47442 |   33062 |  41.1 |     370 |     153 |  29.3
            +---------+---------+-------+---------+---------+-------
        D:1 |      46 |       0 |   0.0 |      20 |       0 |   0.0
        D:2 |      41 |      73 |  64.0 |      14 |       2 |  12.5
        D:3 |      76 |      39 |  33.9 |      18 |       6 |  25.0
        D:4 |     511 |     432 |  45.8 |      27 |       4 |  12.9
        D:5 |    1191 |       0 |   0.0 |      36 |       0 |   0.0
        D:6 |     777 |       0 |   0.0 |      12 |       0 |   0.0
        D:7 |     552 |       0 |   0.0 |      11 |       0 |   0.0
        D:8 |     850 |    2597 |  75.3 |      17 |      33 |  66.0
        D:9 |    2144 |    1119 |  34.3 |      34 |      10 |  22.7
       D:10 |    2024 |    2953 |  59.3 |      24 |       2 |   7.7
       D:11 |    3230 |       0 |   0.0 |      38 |       0 |   0.0
       D:12 |    6334 |    1931 |  23.4 |      29 |      12 |  29.3
       D:13 |    3111 |       0 |   0.0 |      15 |       0 |   0.0
       D:14 |    6040 |   18244 |  75.1 |      19 |      34 |  64.2
       D:15 |   16750 |    5506 |  24.7 |      41 |       9 |  18.0
    Abyss:2 |    3765 |       0 |   0.0 |      15 |       0 |   0.0
      Sewer |       0 |     168 | 100.0 |       0 |      41 | 100.0
            +---------+---------+-------+---------+---------+-------
